[Event "Titled Tuesday Blitz August 31 2021"]
[White "Danielian, Vardan"]
[Black "Seo, Jung Min"]
[WhiteFideId "13301594"]
[BlackFideId "1734687"]
[WhiteElo "2506"]
[BlackElo "2486"]
[Result "1/2-1/2"]
[Round "02"]
[TimeControl "180+1"]
[Date "2021.08.31"]
[WhiteClock "0:00:33"]
[BlackClock "0:01:31"]

1. d4 Nf6 2. Nf3 g6 3. g3 Bg7 4. Bg2 O-O 5. O-O d6 6. c4 Nbd7 7. Nc3 e5 8. dxe5 dxe5 9. h3 c6 10. Be3 Qe7 11. Qb3 Rd8 12. Rfd1 Ne8 13. Ng5 Nf8 14. Rxd8 Qxd8 15. Rd1 Qe7 16. Nce4 Ne6 17. Nxe6 Bxe6 18. Bc5 Qc7 19. Ng5 Bf5 20. g4 Bd7 21. Qd3 Nf6 22. Be7 Bf5 23. Qd6 Qxd6 24. Bxd6 Bd7 25. Bxe5 Be8 1/2-1/2


[Site "https://www.chess.com"]

[Event "Titled Tuesday Blitz August 31 2021"]
[White "Degenbaev, Aziz"]
[Black "Viani Antonio Dcunha"]
[WhiteFideId "13802640"]
[BlackFideId "5027330"]
[WhiteElo "1906"]
[BlackElo "2366"]
[Result "0-1"]
[Round "02"]
[TimeControl "180+1"]
[Date "2021.08.31"]
[WhiteClock "0:00:05"]
[BlackClock "0:00:08"]

1. e4 e5 2. Nf3 Nc6 3. d4 exd4 4. c3 dxc3 5. Bc4 cxb2 6. Bxb2 d5 7. Bxd5 Nf6 8. Bxc6+ bxc6 9. Qxd8+ Kxd8 10. Nc3 Bb4 11. O-O-O Ke7 12. Ne5 Bb7 13. f3 Rhd8 14. Na4 Bd6 15. Nd3 c5 16. e5 Nd5 17. exd6+ cxd6 18. Rhe1+ Kf8 19. Nc3 Nb6 20. Ne4 Rac8 21. Nf4 d5 22. Ng5 h6 23. Ngh3 d4 24. Nf2 Nc4 25. Ne4 Ne3 26. Rd3 g5 27. Nh5 f5 28. Neg3 Nxg2 29. Re5 f4 30. Nf5 Ne3 31. Ba3 Bxf3 32. Bxc5+ Rxc5+ 33. Rxc5 Bxh5 34. Rxd4 Rxd4 35. Nxd4 Kf7 36. Kd2 Bg6 37. Rc7+ Kf6 38. Ke2 Ke5 39. Nb5 Bh5+ 40. Ke1 Ng4 41. Re7+ Kf6 42. Rc7 f3 43. Rc2 Bg6 44. Nxa7 Bxc2 45. h3 f2+ 46. Kd2 f1=Q 47. Kxc2 Qe2+ 48. Kb3 Ne3 49. a4 Qc4+ 50. Kb2 Qc2+ 51. Ka3 Qc3+ 52. Ka2 Nc4 53. Kb1 Qb2# 0-1


[Site "https://www.chess.com"]

[Event "Titled Tuesday Blitz August 31 2021"]
[White "Demidov, Mikhail"]
[Black "Shuvalov, Evgenij"]
[WhiteFideId "4197143"]
[BlackFideId "4187237"]
[WhiteElo "2559"]
[BlackElo "2163"]
[Result "1-0"]
[Round "02"]
[TimeControl "180+1"]
[Date "2021.08.31"]
[WhiteClock "0:00:10"]
[BlackClock "0:00:01"]

1. Nf3 d5 2. d4 Nf6 3. Bf4 e6 4. e3 Bd6 5. Bg3 O-O 6. Nbd2 c5 7. c3 Nc6 8. Bd3 b6 9. O-O Bb7 10. Ne5 Ne7 11. Bh4 Ne4 12. Qc2 f6 13. Nef3 f5 14. Ne5 Qe8 15. f3 Nxd2 16. Qxd2 Bxe5 17. dxe5 Ng6 18. Bg3 Rd8 19. f4 Qe7 20. a4 a5 21. Qf2 h5 22. h4 Nh8 23. Rfd1 Nf7 24. Be2 g6 25. Bf3 Nh6 26. Qe2 Kg7 27. Be1 Bc6 28. b3 Qb7 29. Rd2 Ng4 30. Rad1 Rd7 31. Bf2 Rfd8 32. Be1 Nh6 33. Bf2 Ng4 34. Rb1 Nxf2 35. Kxf2 Kf7 36. b4 axb4 37. cxb4 Bxa4 38. bxc5 b5 39. Rd4 Rh8 40. Rxa4 Qc6 41. Qxb5 Qxb5 42. Rxb5 Rc7 43. Ra6 Rhc8 44. Be2 Rxc5 45. Rxc5 Rxc5 46. Ra7+ Kf8 47. Bd1 Rc4 48. Rb7 d4 49. Be2 dxe3+ 50. Kxe3 Re4+ 51. Kf3 Ra4 52. g3 Ra3+ 53. Kf2 Ra2 54. Ke3 Ra3+ 55. Bd3 Rc3 56. Rb6 Ke7 57. Rb4 Ra3 58. Rd4 Rb3 59. Kf2 Rb2+ 60. Be2 Ra2 61. Rd3 Rb2 62. Ke3 Ra2 63. Rb3 Rc2 64. Bf3 Ra2 65. Rb7+ Kf8 66. Bd1 Ra3+ 67. Bb3 Ke8 68. Kd4 Kf8 69. Kc5 Ra5+ 70. Rb5 Ra3 71. Rb6 Kf7 72. Bxe6+ Kg7 73. Bb3 Ra5+ 74. Kd6 Ra1 75. Rb7+ Kf8 76. Ke6 1-0


[Site "https://www.chess.com"]

[Event "Titled Tuesday Blitz August 31 2021"]
[White "Demin, Vladimir"]
[Black "Moroni, Luca Jr"]
[WhiteFideId "4167457"]
[BlackFideId "865834"]
[WhiteElo "2553"]
[BlackElo "2491"]
[Result "1/2-1/2"]
[Round "02"]
[TimeControl "180+1"]
[Date "2021.08.31"]
[WhiteClock "0:00:07"]
[BlackClock "0:00:04"]

1. e4 e5 2. Nf3 Nc6 3. Bb5 a6 4. Bxc6 dxc6 5. O-O Qf6 6. d4 exd4 7. Bg5 Qd6 8. Nxd4 Be7 9. Be3 Bd7 10. f3 O-O-O 11. Nd2 Bf6 12. c3 c5 13. N4b3 b6 14. a4 Qd3 15. Re1 a5 16. Nc1 Qa6 17. Ncb3 Ne7 18. Qc2 h5 19. e5 Bf5 20. Qc1 Bxe5 21. Bxc5 Ng6 22. Bf2 Rhe8 23. Ne4 Nf4 24. Qc2 Qd3 25. Qxd3 Nxd3 26. Re2 Nxf2 27. Kxf2 f6 28. Nbd2 Be6 29. g3 h4 30. f4 hxg3+ 31. hxg3 Bd6 32. Nxd6+ Rxd6 33. Rae1 Kb7 34. Nf3 Rc6 35. Nd4 Rc4 36. Rxe6 Rxe6 37. Rxe6 Rxa4 38. Re7 Ra2 39. Ke3 Rxb2 40. Rxg7 a4 41. Rh7 a3 42. Rh1 a2 43. Ra1 c5 44. Ne2 Kc6 45. g4 b5 46. g5 fxg5 47. fxg5 Kd6 48. g6 Ke7 49. Nf4 Kf6 50. Kd3 b4 51. cxb4 cxb4 52. Kc4 b3 53. Nd5+ Kg7 54. Nc3 Kxg6 55. Kb4 Kf5 56. Ka3 Rh2 57. Kxb3 Ke5 58. Nxa2 Kd4 59. Rd1+ Ke3 60. Nc3 Rh8 61. Re1+ Kd3 62. Rd1+ Ke3 63. Kc2 Ra8 64. Re1+ Kf3 65. Re6 Rd8 66. Nb1 Rc8+ 67. Nc3 Rd8 68. Rc6 Rd7 69. Nb1 Rd8 70. Nd2+ Kf4 71. Re6 Kf5 72. Re2 Rc8+ 73. Kd3 Rd8+ 74. Kc3 Rc8+ 75. Nc4 Rd8 76. Re1 Kf4 77. Rf1+ Ke4 78. Nd2+ Ke5 79. Re1+ Kf5 80. Nf3 Kf4 81. Nd4 Ra8 82. Rf1+ Ke4 83. Re1+ Kd5 84. Nc2 Kc5 85. Re5+ Kd6 86. Rh5 Rg8 87. Nb4 Rg1 88. Nd3 Rf1 89. Kd4 Rd1 90. Ke3 Ke6 91. Ke4 Ra1 92. Rh6+ Kf7 93. Kf5 Rf1+ 94. Nf4 Ke7 95. Ke5 Kd7 96. Nd5 Re1+ 97. Kd4 Rd1+ 98. Ke4 Re1+ 99. Ne3 Kc7 100. Kd4 Kd7 101. Ke4 Kc7 102. Kd4 Kd7 103. Nc4 Rd1+ 104. Kc5 Ke7 105. Ra6 Rc1 106. Kd4 Rd1+ 107. Ke4 Re1+ 108. Ne3 1/2-1/2


[Site "https://www.chess.com"]

[Event "Titled Tuesday Blitz August 31 2021"]
[White "Dong, Bao Nghia"]
[Black "Bok, Benjamin"]
[WhiteFideId "12400343"]
[BlackFideId "1017063"]
[WhiteElo "2409"]
[BlackElo "2658"]
[Result "1/2-1/2"]
[Round "02"]
[TimeControl "180+1"]
[Date "2021.08.31"]
[WhiteClock "0:00:16"]
[BlackClock "0:00:04"]

1. d4 d5 2. c4 e6 3. Nc3 c6 4. e3 Nf6 5. Nf3 Nbd7 6. Qc2 Bd6 7. Bd3 O-O 8. h3 dxc4 9. Bxc4 b5 10. Be2 Bb7 11. O-O Rc8 12. a3 a5 13. Rd1 Qe7 14. e4 e5 15. Bg5 Rfe8 16. dxe5 Nxe5 17. Nd4 Bc5 18. Nf5 Qe6 19. Na4 bxa4 20. Qxc5 Nxe4 21. Ne7+ Kh8 22. Qxa5 Nxg5 23. Nxc8 Qxc8 24. f4 Nef3+ 25. Bxf3 Nxf3+ 26. gxf3 Qxh3 27. Qg5 Qxf3 28. Re1 Rg8 29. Re7 c5 30. Kh2 h6 31. Qg3 Qh5+ 32. Qh3 Qd5 33. Rae1 Bc6 34. R7e5 Qd2+ 35. R1e2 Qxf4+ 36. Qg3 Qc1 37. Qe1 Qf4+ 38. Qg3 Qd4 39. Re7 Rb8 40. Rxf7 Rxb2 41. Rf8+ Kh7 42. Rxb2 Qxb2+ 43. Rf2 Qd4 44. Qf4 Qd5 45. Qf5+ Qxf5 46. Rxf5 c4 47. Rc5 Bd7 48. Rxc4 Kg6 49. Kg3 Kf5 50. Rc7 Ke6 51. Ra7 h5 52. Kh4 g6 53. Kg5 Be8 54. Ra8 Ke7 55. Ra7+ Ke6 56. Ra8 Kf7 57. Ra7+ Ke6 1/2-1/2


[Site "https://www.chess.com"]

[Event "Titled Tuesday Blitz August 31 2021"]
[White "Ezat, Mohamed"]
[Black "Erdogdu, Mert"]
[WhiteFideId "10600906"]
[BlackFideId "6301495"]
[WhiteElo "2414"]
[BlackElo "2485"]
[Result "1/2-1/2"]
[Round "02"]
[TimeControl "180+1"]
[Date "2021.08.31"]
[WhiteClock "0:00:07"]
[BlackClock "0:00:07"]

1. d4 d5 2. c4 e6 3. Nc3 c5 4. cxd5 exd5 5. Nf3 Nc6 6. g3 Nf6 7. Bg2 Be7 8. O-O O-O 9. Bg5 cxd4 10. Nxd4 h6 11. Be3 Re8 12. Rc1 Bf8 13. Nxc6 bxc6 14. Na4 Rxe3 15. fxe3 Qe8 16. Qd4 Bd6 17. e4 Be5 18. Qd3 dxe4 19. Bxe4 Nxe4 20. Qxe4 Bh3 21. Rc5 Bd6 22. Qxe8+ Rxe8 23. Rxc6 Bxf1 24. Kxf1 Be5 25. b3 Rd8 26. Rc2 Rd1+ 27. Kg2 h5 28. Nc5 g6 29. Nd3 Bd4 30. Kf3 f5 31. Nf4 Rf1+ 32. Kg2 Rf2+ 33. Kh1 g5 34. Nh3 Rf1+ 35. Kg2 Ra1 36. Nxg5 Be3 37. Nf3 Kf7 38. Rc3 Bb6 39. Rc2 Ke6 40. Nd2 Rg1+ 41. Kh3 Re1 42. Nf3 Rf1 43. Kg2 Rf2+ 44. Kh3 Kd5 45. Rd2+ Ke4 46. Rc2 Ke3 47. Nh4 f4 48. Rc3+ Kxe2 49. gxf4 Rxf4 50. Ng2 Re4 51. Rc2+ Kd3 52. Rc1 Kd2 53. Rc8 Rd4 54. Rc4 Rd3+ 55. Kh4 Bg1 56. Nf4 Rf3 57. Kxh5 Bxh2 58. Nd5 Bg1 59. Kg4 Rf7 60. Nb4 Bb6 61. Kg5 Kd1 62. Kg6 Rf2 63. Nd5 Rxa2 64. Nxb6 axb6 65. Rb4 Kc2 66. Rxb6 Rb2 67. b4 Kb3 68. b5 Kb4 69. Kf6 Kc5 70. Rb8 Rh2 71. b6 Rh6+ 72. Kg5 Rxb6 73. Rxb6 Kxb6 1/2-1/2


[Site "https://www.chess.com"]

[Event "Titled Tuesday Blitz August 31 2021"]
[White "Farahat, Ali"]
[Black "Terry, Renato"]
[WhiteFideId "10600507"]
[BlackFideId "3803457"]
[WhiteElo "2321"]
[BlackElo "2581"]
[Result "1-0"]
[Round "02"]
[TimeControl "180+1"]
[Date "2021.08.31"]
[WhiteClock "0:01:11"]
[BlackClock "0:00:01"]

1. e4 e6 2. d4 d5 3. Nd2 Be7 4. Ngf3 Nf6 5. Bd3 c5 6. c3 Nc6 7. O-O cxd4 8. cxd4 Nb4 9. Bb1 dxe4 10. Nxe4 O-O 11. Re1 b6 12. a3 Nbd5 13. Qd3 Bb7 14. Bg5 Nxe4 15. Qxe4 g6 16. Qh4 Re8 17. Ba2 Rc8 18. Qh6 f6 19. Rxe6 Bf8 20. Rxe8 Qxe8 21. Qh4 fxg5 22. Nxg5 Qd7 23. Re1 h6 24. Nf3 Bg7 25. h3 Kh8 26. Ne5 Bxe5 27. Rxe5 Qg7 28. Bxd5 Bxd5 29. Rxd5 Rf8 30. Rd8 g5 31. Rxf8+ Qxf8 32. Qe4 Qc8 33. Qe5+ Kg8 34. d5 Qd7 35. d6 Kf7 36. Qd5+ Kf6 37. h4 gxh4 38. Qh5 1-0


[Site "https://www.chess.com"]

[Event "Titled Tuesday Blitz August 31 2021"]
[White "Federzoni, Enzo"]
[Black "Shyaamnikhil P"]
[WhiteFideId "2173301"]
[BlackFideId "5024218"]
[WhiteElo "1956"]
[BlackElo "2300"]
[Result "1-0"]
[Round "02"]
[TimeControl "180+1"]
[Date "2021.08.31"]
[WhiteClock "0:00:19"]
[BlackClock "0:00:01"]

1. e4 c5 2. Nf3 e6 3. d4 cxd4 4. Nxd4 Nc6 5. Nc3 Qc7 6. Be3 Nf6 7. Qf3 a6 8. Qg3 Qxg3 9. hxg3 Nxd4 10. Bxd4 d6 11. O-O-O e5 12. Be3 Be6 13. Be2 Rc8 14. f3 Be7 15. g4 Nd7 16. Nd5 Bxd5 17. Rxd5 Rc6 18. g3 h6 19. Rd2 O-O 20. f4 Rfc8 21. c3 Nc5 22. Bf3 f6 23. Rhd1 Ne6 24. Rf1 Rxc3+ 25. bxc3 Rxc3+ 26. Rc2 Rxe3 27. Be2 b5 28. a4 Nd4 29. Rc8+ Kf7 30. Bd1 Rxg3 31. axb5 axb5 32. fxe5 dxe5 33. Rf2 b4 34. Rb8 Re3 35. Rb7 Rxe4 36. Ra2 Nc6 37. Bf3 Rc4+ 38. Kb2 Nd8 39. Bd5+ Kg6 40. Rxe7 Rd4 41. Bb3 Nc6 42. Rc7 Rd6 43. Ra6 Rd2+ 44. Kc1 Nd4 45. Be6 Rg2 46. Bf5+ Kg5 47. Rxg7+ Kf4 48. Rg6 Ke3 49. Rgxf6 b3 50. Rab6 Rg1+ 51. Kb2 Rg2+ 52. Kc3 Ne2+ 53. Kc4 Nd4 54. Rxh6 Rc2+ 55. Kd5 Rd2 56. Kxe5 Nf3+ 57. Kf6 b2 58. g5 Nd4 59. g6 Rf2 60. Rh5 Nxf5 61. Rxf5 Rg2 62. Rg5 Rf2+ 63. Ke7 Rc2 64. g7 Rc7+ 65. Kd6 Rc8 66. Rxb2 1-0


[Site "https://www.chess.com"]

[Event "Titled Tuesday Blitz August 31 2021"]
[White "Garcia Garcia, Alejandro"]
[Black "Shahade, Gregory"]
[WhiteFideId "3516334"]
[BlackFideId "2009064"]
[WhiteElo "2131"]
[BlackElo "2667"]
[Result "1-0"]
[Round "02"]
[TimeControl "180+1"]
[Date "2021.08.31"]
[WhiteClock "0:00:08"]
[BlackClock "0:00:10"]

1. Nf3 Nf6 2. g3 g6 3. Bg2 Bg7 4. O-O O-O 5. c4 d5 6. cxd5 Nxd5 7. Nc3 Nb6 8. d3 Nc6 9. h4 h6 10. Bd2 Kh7 11. Rb1 e5 12. b4 Be6 13. Qc2 Bg4 14. Be3 Nd4 15. Bxd4 exd4 16. Ne4 Nd5 17. Qc4 Nc3 18. Nxc3 Be6 19. Nd5 Bxd5 20. Qxd5 Qxd5 21. Ng5+ hxg5 22. Bxd5 c6 23. Bf3 gxh4 24. gxh4 Bf6 25. h5 gxh5 26. b5 cxb5 27. Rxb5 Rae8 28. Kh1 b6 29. Rxh5+ Kg8 30. Rg1+ Bg7 31. Rhg5 Re6 32. Rxg7+ Kh8 33. R7g2 Rh6+ 34. Rh2 Rxh2+ 35. Kxh2 Rc8 36. Rg4 Rc2 37. a4 a5 38. Rxd4 Rb2 39. Rd7 Rb4 40. Bc6 Kg7 41. Bb5 Rb2 42. Re7 Kf6 43. Re4 Kf5 44. Kg2 f6 45. Kf3 Rb1 46. Ke3 Rb2 47. Rf4+ Kg5 48. Rf3 f5 49. Rg3+ Kf6 50. Rh3 Rb4 51. Rh6+ Ke5 52. Rxb6 f4+ 53. Kf3 Rb2 54. Ra6 Rb4 55. Rxa5 Kd4 56. Ra8 Rb2 57. Rc8 Ke5 58. Rc5+ Kd6 59. Rc4 Kd5 60. Rxf4 Ra2 61. Rc4 Ke5 62. Ke3 Ra1 63. f4+ Kd6 64. Kd4 Rf1 65. e3 Ra1 66. Rc6+ Ke7 67. Ra6 Ra3 68. e4 Kd8 69. Ra7 Kc8 70. f5 Kb8 71. Rd7 Rb3 72. f6 Rb1 73. f7 Rf1 74. Rd8+ Ka7 75. f8=Q Rxf8 76. Rxf8 Kb6 77. Rf6+ Ka5 78. Ra6+ Kb4 79. Ra8 1-0


[Site "https://www.chess.com"]

[Event "Titled Tuesday Blitz August 31 2021"]
[White "Glavina, Pablo"]
[Black "Grachev, Boris"]
[WhiteFideId "100234"]
[BlackFideId "4129199"]
[WhiteElo "2398"]
[BlackElo "2580"]
[Result "0-1"]
[Round "02"]
[TimeControl "180+1"]
[Date "2021.08.31"]
[WhiteClock "0:00:28"]
[BlackClock "0:00:33"]

1. e4 c5 2. Nf3 e6 3. d4 cxd4 4. Nxd4 Nf6 5. Nc3 Nc6 6. Ndb5 Bc5 7. Bf4 O-O 8. Bc7 Qe7 9. Bd6 Bxd6 10. Qxd6 Qd8 11. Nc7 Rb8 12. O-O-O a6 13. N7d5 exd5 14. exd5 Ne8 15. Qg3 Qb6 16. dxc6 bxc6 17. b3 d5 18. Qe3 Qxe3+ 19. fxe3 Nf6 20. Bd3 Ng4 21. Rde1 a5 22. h3 Ne5 23. Be2 Be6 24. Na4 Nd7 25. Bf3 Rfc8 26. Rd1 Ne5 27. Nc5 Rb5 28. Nd3 Nxf3 29. gxf3 c5 30. Nf4 c4 31. Kb2 a4 32. Rd4 axb3 33. axb3 Rcb8 34. Rhd1 cxb3 35. c3 Ra5 36. Rb4 Ra2+ 37. Kxb3 Rba8 38. Rb6 Bf5 39. Nxd5 Bc2+ 0-1


[Site "https://www.chess.com"]

[Event "Titled Tuesday Blitz August 31 2021"]
[White "Golubev, Mikhail"]
[Black "Svane, Frederik"]
[WhiteFideId "14100983"]
[BlackFideId "12923044"]
[WhiteElo "2374"]
[BlackElo "2459"]
[Result "1/2-1/2"]
[Round "02"]
[TimeControl "180+1"]
[Date "2021.08.31"]
[WhiteClock "0:00:06"]
[BlackClock "0:00:07"]

1. e4 c5 2. Nf3 Nc6 3. Nc3 g6 4. d4 cxd4 5. Nxd4 Bg7 6. Be3 Nf6 7. Nxc6 bxc6 8. e5 Ng8 9. Bd4 Qc7 10. Qe2 c5 11. Nb5 Qc6 12. Bc3 Ba6 13. O-O-O Nh6 14. Nd6+ exd6 15. Qxa6 dxe5 16. Qxc6 dxc6 17. Rd6 Rc8 18. Ba6 Ke7 19. Bxc8 Kxd6 20. Rd1+ Kc7 21. Ba6 Kb6 22. Bc4 Bf6 23. Rd7 Rd8 24. Rxd8 Bxd8 25. Bxe5 Ng4 26. Bg3 f5 27. h3 Nf6 28. Bh4 Kc7 29. Bxf6 Bxf6 30. c3 h6 31. Kd2 g5 32. Kd3 Kd6 33. Bf7 Be5 34. g3 f4 35. g4 Bg7 36. f3 Be5 37. Bg6 Bg7 38. Be4 Bf8 39. Kc4 Be7 40. Bd3 Ke5 41. Be4 Kd6 42. Bd3 Bd8 43. Be4 Bb6 44. Bd3 Bd8 45. Be4 Bb6 46. Bd3 Bd8 1/2-1/2


[Site "https://www.chess.com"]

[Event "Titled Tuesday Blitz August 31 2021"]
[White "Grochal, Joey"]
[Black "Maksimovic, Bojan"]
[WhiteFideId "1019945"]
[BlackFideId "14408120"]
[WhiteElo "2265"]
[BlackElo "2439"]
[Result "0-1"]
[Round "02"]
[TimeControl "180+1"]
[Date "2021.08.31"]
[WhiteClock "0:01:40"]
[BlackClock "0:02:01"]

1. d4 Nf6 2. c4 a6 3. Nc3 c5 4. d5 b5 5. cxb5 axb5 6. Nxb5 d6 7. Nf3 g6 8. a4 Bg7 9. e3 O-O 10. Bc4 Nbd7 11. O-O Nb6 12. Qb3 Nxc4 13. Qxc4 Ba6 14. Bd2 Qb6 15. Bc3 Rfb8 16. e4 Bxb5 17. axb5 Rxa1 18. Rxa1 Qxb5 19. Nd2 Qxc4 20. Nxc4 Nxe4 21. Bxg7 Kxg7 22. f3 Nf6 23. Ne3 Rb3 24. Nd1 Nxd5 0-1


[Site "https://www.chess.com"]

[Event "Titled Tuesday Blitz August 31 2021"]
[White "Guliev, Logman"]
[Black "Solon, Nathan"]
[WhiteFideId "13400061"]
[BlackFideId "2017229"]
[WhiteElo "2128"]
[BlackElo "2659"]
[Result "0-1"]
[Round "02"]
[TimeControl "180+1"]
[Date "2021.08.31"]
[WhiteClock "0:00:16"]
[BlackClock "0:00:16"]

1. e4 c6 2. d4 d5 3. exd5 cxd5 4. c4 Nf6 5. Nc3 Nc6 6. Bg5 dxc4 7. d5 Ne5 8. Qd4 h6 9. Bf4 Ng6 10. Bxc4 Nxf4 11. Qxf4 g5 12. Qd2 Bg7 13. Nge2 O-O 14. O-O Ng4 15. Ng3 Qb6 16. Bb3 Bd7 17. Nh5 Be5 18. h3 Nf6 19. Nxf6+ Qxf6 20. Rae1 Rac8 21. Ne4 Qg7 22. Rb1 Bf5 23. Rfe1 Rfd8 24. Qe2 Bd4 25. Rbd1 Bg6 26. Ng3 Bc5 27. Nh5 Bxh5 28. Qxh5 Qxb2 29. Re2 Qf6 30. Rd3 Kg7 31. Rf3 Qg6 32. Qg4 Bd6 33. g3 Rc1+ 34. Kg2 Qb1 35. Rfe3 Rg1+ 36. Kf3 Bc5 37. Qe4 Bxe3 38. Qe5+ Kg8 39. Rxe3 Qg6 40. Qxe7 Rd6 41. Qe8+ Kg7 42. Qe5+ Rf6+ 43. Kg4 h5# 0-1


[Site "https://www.chess.com"]

[Event "Titled Tuesday Blitz August 31 2021"]
[White "Gutenev, Alexander"]
[Black "Kovacsy, Barnabas"]
[WhiteFideId "4195540"]
[BlackFideId "769290"]
[WhiteElo "2432"]
[BlackElo "1938"]
[Result "1-0"]
[Round "02"]
[TimeControl "180+1"]
[Date "2021.08.31"]
[WhiteClock "0:00:23"]
[BlackClock "0:00:09"]

1. e4 c5 2. Nc3 Nc6 3. Bb5 Nd4 4. Nf3 e6 5. O-O a6 6. Bd3 b5 7. Re1 Bb7 8. Nxd4 cxd4 9. Ne2 e5 10. c3 dxc3 11. dxc3 Nf6 12. Ng3 g6 13. a4 bxa4 14. Rxa4 Bg7 15. Qb3 Bc6 16. Rxa6 Rxa6 17. Bxa6 O-O 18. Bc4 Qa8 19. f3 d5 20. exd5 Bxd5 21. Ne4 Bxc4 22. Nxf6+ Bxf6 23. Qxc4 Rd8 24. h4 h5 25. Kh2 Qb7 26. Qe4 Qb3 27. Bg5 Bxg5 28. hxg5 Qxb2 29. Qxe5 Qf2 30. Qg3 Qd2 31. c4 Qc3 32. Re4 Rc8 33. Qf4 Qc2 34. Qf6 Qf2 35. Rf4 Qa7 36. Rd4 Qc7+ 37. f4 Re8 38. Kh3 Re3+ 39. g3 Re8 40. Qd6 Qb7 41. Qd5 Qb1 42. Rd1 Qc2 43. Ra1 Qe2 44. Rg1 Qg4+ 45. Kh2 Qe2+ 46. Rg2 Qe1 47. f5 gxf5 48. g6 Qe6 49. gxf7+ Kxf7 50. Qf3 Qe5 51. Rf2 h4 52. Qh5+ Ke6 53. Re2 hxg3+ 54. Kg2 Kd6 55. Rxe5 Rxe5 56. Qg6+ Re6 57. Qxf5 Ke7 58. Kxg3 Rf6 59. Qe5+ Kf7 60. c5 Re6 61. Qf5+ Rf6 62. Qd7+ Kg8 63. c6 Rg6+ 64. Kf4 Kh8 65. Kf5 Rh6 66. Kg5 Rh7 67. Qxh7+ Kxh7 68. c7 Kg7 69. c8=Q Kh7 70. Qd7+ Kg8 71. Kg6 Kh8 72. Qg7# 1-0


[Site "https://www.chess.com"]

[Event "Titled Tuesday Blitz August 31 2021"]
[White "Hansen, Eric"]
[Black "Bobkov, Vadim"]
[WhiteFideId "2606771"]
[BlackFideId "34110876"]
[WhiteElo "2568"]
[BlackElo "2117"]
[Result "1-0"]
[Round "02"]
[TimeControl "180+1"]
[Date "2021.08.31"]
[WhiteClock "0:00:41"]
[BlackClock "0:00:02"]

1. e4 c5 2. Nf3 Nf6 3. e5 Nd5 4. d4 cxd4 5. Qxd4 e6 6. Qe4 f5 7. Qe2 b5 8. Qxb5 Ba6 9. Qa4 Bxf1 10. Kxf1 Nc6 11. g3 Bc5 12. Kg2 Qb6 13. Nbd2 a5 14. c3 O-O 15. Nc4 Qa7 16. Rf1 Rfc8 17. Bd2 Qa6 18. Rad1 h6 19. h4 Rab8 20. Bc1 Qb5 21. Qxb5 Rxb5 22. a4 Rb7 23. Ne1 Ba7 24. Nd3 Rbb8 25. Nd6 Rc7 26. Nb5 Rcc8 27. c4 Nde7 28. b3 Bb6 29. Ba3 Kf7 30. Nd6+ Kg6 31. Nxc8 Rxc8 32. Bxe7 Nxe7 33. Nf4+ Kf7 34. Rxd7 g5 35. hxg5 hxg5 36. Nh3 Rg8 37. Rh1 f4 38. Nxg5+ Rxg5 39. Rh7+ 1-0


[Site "https://www.chess.com"]

[Event "Titled Tuesday Blitz August 31 2021"]
[White "Herrera Reyes, Jose Antonio"]
[Black "Khanin, Semen"]
[WhiteFideId "2274914"]
[BlackFideId "4111990"]
[WhiteElo "2370"]
[BlackElo "2521"]
[Result "0-1"]
[Round "02"]
[TimeControl "180+1"]
[Date "2021.08.31"]
[WhiteClock "0:00:23"]
[BlackClock "0:00:11"]

1. Nf3 g6 2. g3 Bg7 3. Bg2 b5 4. d3 Bb7 5. Nc3 b4 6. Nb1 a5 7. h4 Nf6 8. e4 d6 9. h5 Nxh5 10. Nbd2 Nf6 11. Nc4 h5 12. Bg5 Nbd7 13. Qd2 Ng4 14. a3 Ba6 15. axb4 Bxc4 16. dxc4 axb4 17. O-O Rxa1 18. Rxa1 Bxb2 19. Ra2 Bc3 20. Qd5 O-O 21. Nh4 e6 22. Bxd8 exd5 23. Bxc7 dxc4 24. Bxd6 Rc8 25. Ra7 Nde5 26. Rb7 Bd4 27. Bxb4 Bxf2+ 28. Kf1 Bxg3 29. Nf3 Ne3+ 30. Kg1 Rd8 31. Nd2 Be1 32. Nxc4 N5xc4 33. Bxe1 Rd1 34. Kf2 Rxe1 35. Kxe1 Nxg2+ 36. Ke2 Nf4+ 37. Kf3 g5 38. Rc7 Ne5+ 39. Ke3 h4 40. c4 h3 41. Ra7 Nxc4+ 42. Kf3 Ne5+ 43. Kg3 Kg7 44. Ra5 f6 45. Ra7+ Kg6 46. Ra8 Nc4 47. Rg8+ Kf7 48. Rc8 Nd6 49. Rc7+ Ke6 50. Kf3 Ke5 51. Re7+ Kd4 52. Rd7 Ke5 53. Re7+ Ne6 54. Rh7 Nxe4 55. Rxh3 f5 56. Rh8 g4+ 57. Kg2 f4 58. Rh5+ Kd4 59. Rh4 f3+ 60. Kf1 g3 61. Rh3 Ke3 62. Kg1 Nf4 63. Kh1 Nf2+ 64. Kg1 N2xh3+ 65. Kf1 g2+ 66. Ke1 g1=Q# 0-1


[Site "https://www.chess.com"]

[Event "Titled Tuesday Blitz August 31 2021"]
[White "Hryshchenko, Kamila"]
[Black "Bernadskiy, Vitaliy"]
[WhiteFideId "14147491"]
[BlackFideId "14100371"]
[WhiteElo "1936"]
[BlackElo "2510"]
[Result "0-1"]
[Round "02"]
[TimeControl "180+1"]
[Date "2021.08.31"]
[WhiteClock "0:00:03"]
[BlackClock "0:00:09"]

1. e4 c5 2. Nf3 d6 3. Nc3 e5 4. Bc4 Be7 5. d3 Nf6 6. Bg5 O-O 7. Bxf6 Bxf6 8. Nd5 Be6 9. a4 Nd7 10. a5 Rb8 11. O-O Re8 12. h3 Be7 13. Nh2 Bg5 14. Ng4 b5 15. axb6 Nxb6 16. b3 Bxd5 17. exd5 f5 18. Ne3 Qd7 19. Qh5 Bxe3 20. fxe3 g6 21. Qh6 Rf8 22. h4 Rb7 23. Rf3 Qg7 24. Qxg7+ Kxg7 25. Bb5 Rc7 26. Bc6 Nc8 27. Ra6 Ne7 28. Rf1 Nxc6 29. dxc6 Kf6 30. Rfa1 Ra8 31. Kf2 Ke6 32. Ke2 d5 33. d4 cxd4 34. exd4 e4 35. b4 Rb8 36. c3 f4 37. Rxa7 Rxc6 38. Rxh7 Rxc3 39. Ra6+ Kf5 40. Rf7+ Kg4 41. Rxg6+ Kh5 42. Rg5+ Kxh4 43. Rg6 Kh5 44. Rfg7 Rg3 45. Rxg3 fxg3 46. Rxg3 Rxb4 47. Rg8 Rxd4 48. Ke3 Rd1 49. Rd8 Kg4 50. Rg8+ Kf5 51. g4+ Ke5 52. Rg5+ Kf6 53. Rf5+ Ke6 54. Rf8 Rd3+ 55. Ke2 Rg3 56. Rg8 Ke5 57. Re8+ Kd4 58. Rg8 Rg2+ 59. Ke1 Ke3 60. Kf1 Rg3 61. g5 d4 62. g6 d3 63. g7 d2 64. Rd8 Rxg7 65. Rd3+ Kxd3 0-1


[Site "https://www.chess.com"]

[Event "Titled Tuesday Blitz August 31 2021"]
[White "Ider, Borya"]
[Black "Priyanka Nutakki"]
[WhiteFideId "4901134"]
[BlackFideId "25049615"]
[WhiteElo "2512"]
[BlackElo "1916"]
[Result "1-0"]
[Round "02"]
[TimeControl "180+1"]
[Date "2021.08.31"]
[WhiteClock "0:01:16"]
[BlackClock "0:00:01"]

1. Nf3 d5 2. g3 Nf6 3. Bg2 Bg4 4. c4 e6 5. Ne5 Bh5 6. Qb3 b6 7. Qa4+ Nbd7 8. Nc3 Bd6 9. Nc6 Nc5 10. Nxd8+ Nxa4 11. Nxe6 fxe6 12. Nxa4 O-O-O 13. cxd5 exd5 14. e3 d4 15. b3 b5 16. Nb2 dxe3 17. fxe3 Be5 18. O-O Bxb2 19. Bxb2 Rxd2 20. Bxf6 gxf6 21. Rxf6 Re8 22. Bc6 Red8 23. Bxb5 Rc2 24. Rf2 Rc3 25. Re1 Kb7 26. e4 a6 27. Bc4 Bg6 28. e5 Kb6 29. Rf6+ Kb7 30. Bxa6+ Ka7 31. Bc4 Rd2 32. Rf2 Rcc2 33. Rxd2 Rxd2 34. Re2 Rd1+ 35. Kf2 Rd8 36. e6 1-0


[Site "https://www.chess.com"]

[Event "Titled Tuesday Blitz August 31 2021"]
[White "Indjic, Aleksandar"]
[Black "Mukhutdinov, Tigran"]
[WhiteFideId "911925"]
[BlackFideId "34108570"]
[WhiteElo "2643"]
[BlackElo "2154"]
[Result "1-0"]
[Round "02"]
[TimeControl "180+1"]
[Date "2021.08.31"]
[WhiteClock "0:00:16"]
[BlackClock "0:00:13"]

1. d4 Nf6 2. c4 g6 3. f3 d5 4. cxd5 Nxd5 5. e4 Nb6 6. Nc3 Bg7 7. Be3 O-O 8. Qd2 e5 9. d5 c6 10. d6 Be6 11. h4 h5 12. O-O-O N8d7 13. Nh3 Nc4 14. Bxc4 Bxc4 15. b3 Be6 16. Ng5 Re8 17. g4 Nf6 18. gxh5 Nxh5 19. Rhg1 a5 20. Na4 Nf4 21. Kb1 b5 22. Nc5 a4 23. b4 Bc4 24. d7 Rf8 25. Nb7 Qc7 26. Nc5 Rad8 27. h5 Nxh5 28. Qh2 a3 29. Rd2 Rb8 30. Rg4 Qd8 31. Rh4 Qf6 32. Rg2 Rfd8 33. Rxh5 gxh5 34. Qxh5 Qg6 35. Qh2 Bf1 36. Rg1 Bc4 37. Nge6 Qxg1+ 38. Qxg1 fxe6 39. Bh6 1-0


[Site "https://www.chess.com"]

[Event "Titled Tuesday Blitz August 31 2021"]
[White "Ivanchuk, Vasyl"]
[Black "Rottenwohrer Suarez, Juan"]
[WhiteFideId "14100010"]
[BlackFideId "32068182"]
[WhiteElo "2710"]
[BlackElo "2158"]
[Result "1-0"]
[Round "02"]
[TimeControl "180+1"]
[Date "2021.08.31"]
[WhiteClock "0:00:55"]
[BlackClock "0:00:00"]

1. e4 c5 2. Nf3 g6 3. c3 Bg7 4. d4 cxd4 5. cxd4 d5 6. e5 Bg4 7. Nbd2 Nc6 8. h3 Bxf3 9. Nxf3 f6 10. Bd3 fxe5 11. dxe5 Nh6 12. O-O O-O 13. Ng5 Qd7 14. f4 e6 15. Bd2 Nf5 16. Rc1 a6 17. g4 Nfe7 18. Kg2 Rac8 19. a3 Bh6 20. h4 b5 21. Kg3 Nd4 22. Rxc8 Nxc8 23. Bb4 Nc6 24. Bxf8 Bxf8 25. Qd2 Nb6 26. Qh2 Nc4 27. Nf3 Bc5 28. h5 gxh5 29. Qxh5 Nd4 30. Ng5 Nd2 31. Rc1 Bf8 32. Bxh7+ Kg7 33. Qg6+ 1-0


[Site "https://www.chess.com"]